 Dungeon Crawl Stone Soup version 0.28.0 (webtiles) character file.

Game seed: 5359383019209882933

1174 zeram the Sneak (level 8, -3/46 HPs)
             Began as an Octopode Enchanter on Feb 13, 2022.
             Killed by nerve-wracking pain
             ... invoked by a shadow imp
              (14 damage)
             ... while paralysed by Grinder
             ... on level 6 of the Dungeon.
             The game lasted 00:12:36 (6359 turns).

zeram the Sneak (Octopode Enchanter)                Turns: 6359, Time: 00:12:36

Health: -3/46      AC:  3    Str: 10    XL:     8   Next: 41%
Magic:  13/13      EV:  2    Int: 19    God:
Gold:   182        SH:  0    Dex: 12    Spells: 5/13 levels left

rFire   . . .      SeeInvis .   l - +2 dagger (vamp)
rCold   . . .      Faith    .   (no shield)
rNeg    . . .      Spirit   .   (helmet restricted)
rPois   .          Reflect  +   d - amulet of reflection
rElec   .          Harm     .   (no ring)
rCorr   .          Rampage  .   (no ring)
Will    .....                   (no ring)
Stlth   ++++......              (no ring)
HPRegen 0.15/turn               (no ring)
MPRegen 0.13/turn               (no ring)
                                (no ring)
                                (no ring)

@: paralysed
A: almost no armour, amphibious, 8 rings, camouflage 1, gelatinous body 1,
(nimble swimmer 1), tentacles, fangs 1, iridescent scales 1, strong 1
a: no special abilities


You were on level 6 of the Dungeon.
You visited 1 branch of the dungeon, and saw 6 of its levels.

You collected 182 gold pieces.

Inventory:

Hand Weapons
 a - a +1 dagger
 l - a +2 vampiric dagger (weapon)
Missiles
 i - a throwing net (quivered)
Jewellery
 d - an amulet of reflection (around mantle)
 m - the amulet "Hyshuip" {Spirit Harm *Corrode rN+}
   (You found it on level 5 of the Dungeon)

   [amulet of guardian spirit]

   It causes incoming damage to be divided between your reserves of health and
   magic.
   rN:        It protects you from negative energy.
   *Corrode:  It may corrode you when you take damage.
   Harm:      It increases damage dealt and taken.
Scrolls
 f - 3 scrolls of fog
Potions
 h - 3 potions of brilliance
 k - a potion of attraction


   Skills:
 + Level 4.8 Short Blades
 + Level 4.2 Dodging
 - Level 7.4 Stealth
 + Level 2.7 Shields
 + Level 3.4 Spellcasting
 + Level 4.5 Hexes
 + Level 1.9 Ice Magic


You had 5 spell levels left.
You knew the following spells:

 Your Spells              Type           Power      Damage    Failure   Level
a - Ensorcelled Hibernat  Hex/Ice        30%        N/A       6%          2
b - Tukima's Dance        Hex            20%        N/A       7%          3
c - Dazzling Flash        Conj/Hex       22%        N/A       17%         3

Your spell library contained the following spells:

 Spells                   Type           Power      Damage    Failure   Level
 Confusing Touch          Hex            20%        N/A       7%          3


Dungeon Overview and Level Annotations

Branches:
Dungeon (6/15)
 Temple: D:4-7

Altars:
Beogh

Shops:
D:2 *   D:3 ?

Annotations:
D:4 Exaltedone87's ghost, novice DDFi
D:5 AlmostDecent's ghost, novice GnHu
D:6 Grinder


Innate Abilities, Weirdness & Mutations

You cannot wear most types of armour.
You are amphibious.
You can wear up to eight rings at the same time.
Your skin changes colour to match your surroundings (Stealth+).
Your rubbery body absorbs attacks. (AC +1, EV +1)
((You are camouflaged when in or above water. (Stealth+)))
You have tentacles for arms and can constrict up to eight enemies at once.
You have very sharp teeth.
You are partially covered in iridescent scales. (AC +2)
Your muscles are strong. (Str +2)


Message History

Where to? (Enter - D:5, ? - help)
There is an open translucent door, spattered with blood here.
There is a stone staircase leading down here.
You climb downwards.
Level annotation: AlmostDecent's ghost, novice GnHu
There is a stone staircase leading up, spattered with blood here.
You see here a +0 giant club.
AlmostDecent's ghost is nearby!
You see here a +0 dagger.
There is a stone staircase leading down here.
You climb downwards.
The shadow imp shouts, "Give up, thou fulsome fat-kidneyed scut!"
There is a stone staircase leading up here.
There are monsters nearby!
There are monsters nearby!
The shadow imp shouts, "Beg for mercy, thou bumbling spleeny clam!"
The shadow imp misses you.
You closely miss the shadow imp.
The iguana hisses angrily.
Your grab misses the shadow imp.
You bite the shadow imp, but do no damage.
Grinder comes into view.
You closely miss the shadow imp.
Grinder shouts!
Your grab misses the shadow imp. Grinder gestures at you.
You suddenly lose the ability to move!
The shadow imp picks up a beetle and eats it.
The shadow imp hits you but does no damage.
The iguana bites you!
The shadow imp hits you but does no damage.
The iguana bites you. The shadow imp gestures at you.
Pain shoots through your body! Grinder gestures at you.
You resist with some effort. The iguana bites you!
* * * LOW HITPOINT WARNING * * *
The shadow imp gestures at you. Pain shoots through your body!
You die...

#.. #... ###
#... #...
#...## ..#
#....###..####
#.....#.......
#....5...#.#
#...@l......
##<..5.#.##.
#.....###.#
#....## .#
#.... . #....
.. #.... ..
#.... .##
#....


You could see Grinder, an iguana and a shadow imp.

Vanquished Creatures
  Pargi (D:3)
  A sky beast (D:4)
  2 orc warriors (D:4)
  A necrophage (D:5)
  2 ogres
  A bullfrog (D:4)
  A water moccasin skeleton (D:5)
  A centaur zombie (D:5)
  A bullfrog skeleton (D:4)
  A jelly (D:5)
  Jessica (D:3)
  An iguana (D:4)
  An orc wizard (D:4)
  A killer bee zombie (D:5)
  A hound skeleton (D:5)
  8 adders
  3 gnolls (D:4)
  An ufetubus (D:4)
  An adder skeleton (D:4)
  A worm (D:2)
  5 dart slugs
  14 orcs
  8 endoplasms
  4 giant cockroaches
  10 goblins
  6 hobgoblins
  5 quokkas
  8 ball pythons
  4 bats
  5 frilled lizards
  11 kobolds
  4 rats
115 creatures vanquished.

Vanquished Creatures (others)
  A plant (D:5)
1 creature vanquished.

Grand Total: 116 creatures vanquished

Notes
Turn   | Place    | Note
-------+----------+-------------------------------------------
     0 | D:1      | zeram the Octopode Enchanter began the quest for the Orb.
     0 | D:1      | Reached XP level 1. HP: 11/11 MP: 3/3
   289 | D:1      | Reached XP level 2. HP: 17/17 MP: 5/5
   298 | D:1      | Found a faded altar of an unknown god.
   867 | D:1      | Reached XP level 3. HP: 20/21 MP: 6/6
  1175 | D:2      | Reached skill level 5 in Stealth
  1435 | D:2      | Found Lunist's Assorted Antiques.
  1803 | D:2      | Learned a level 2 spell: Ensorcelled Hibernation
  1807 | D:2      | Learned a level 3 spell: Tukima's Dance
  1934 | D:2      | Reached XP level 4. HP: 27/27 MP: 7/7
  2111 | D:3      | Noticed Jessica
  2116 | D:3      | Killed Jessica
  2211 | D:3      | Noticed Pargi
  2227 | D:3      | Killed Pargi
  2228 | D:3      | Reached skill level 7 in Stealth
  2228 | D:3      | Reached skill level 1 in Shields
  2228 | D:3      | Reached XP level 5. HP: 23/31 MP: 3/8
  2477 | D:3      | Found Diamov's Magic Scroll Boutique.
  2787 | D:3      | Reached XP level 6. HP: 30/36 MP: 9/9
  3114 | D:3      | Learned a level 3 spell: Dazzling Flash
  3190 | D:4      | Noticed an orc warrior
  3217 | D:4      | Killed an orc warrior
  3816 | D:4      | Noticed a sky beast
  4060 | D:3      | Reached XP level 7. HP: 20/41 MP: 10/10
  4383 | D:4      | Found a runed translucent door.
  4390 | D:4      | Noticed Exaltedone87's ghost (novice DDFi)
  4561 | D:4      | Reached skill level 1 in Ice Magic
  4950 | D:5      | Entered Level 5 of the Dungeon
  4958 | D:5      | Identified the amulet "Hyshuip" {Spirit Harm *Corrode rN+}
  5018 | D:5      | Reached XP level 8. HP: 31/46 MP: 4/12
  5434 | D:5      | Found a runed translucent door.
  5444 | D:5      | Noticed AlmostDecent's ghost (novice GnHu)
  5699 | D:5      | HP: 1/46 [AlmostDecent's ghost (12)]
  6048 | D:4      | Gained mutation: You have very sharp teeth. [potion of
                  | mutation]
  6048 | D:4      | Gained mutation: Your muscles are strong. (Str +2) [potion
                  | of mutation]
  6048 | D:4      | Gained mutation: You are partially covered in iridescent
                  | scales. (AC +2) [potion of mutation]
  6355 | D:6      | Noticed Grinder
  6356 | D:6      | Paralysed by Grinder for 4 turns
  6359 | D:6      | Killed from afar by a shadow imp

Illustrated notes

Levels and vault maps discovered:
D:1:      eino_arrival_cavern_e, layout_basic,
          hellmonk_ecumenical_altar_defaced_shrine
D:2:      cheibrodos_old_hovel, layout_loops_ring, serial_shops,
          nicolae_diamond_shop, kennysheep_big_empty_room
D:3:      layout_loops_ring, serial_shops, nicolae_shop_stone, minmay_pentangle,
          uniq_jessica, uniq_pargi
D:4:      layout_loops_ring, ebering_ghost_sewer_d
D:5:      layout_cave_pools, mainiacjoe_overflow_big_doors, lemuel_round_altar,
          serial_shops, nicolae_take_the_stairs, ebering_ghost_sewer_f
D:6:      minmay_inner_zag, layout_rooms, uniq_grinder

Skill      XL: |  1  2  3  4  5  6  7  8 |
---------------+-------------------------+-----
Stealth        | 5 7 |  7.4
Shields        | 1 2 |  2.7
Short Blades   | 3 4 |  4.8
Dodging        | 3 4 |  4.2
Ice Magic      | 1 |  1.9
Spellcasting   | 3 |  3.4
Hexes          | 4 |  4.5

Action                   |  1- 3 |  4- 6 |  7- 9 || total
-------------------------+-------+-------+-------++-------
Melee: Dagger            |    53 |   106 |   164 ||   323
       Tentacles         |    12 |    24 |    43 ||    79
       Constrict         |    12 |    21 |    15 ||    48
       Punch             |       |     3 |     8 ||    11
       Bite              |       |       |     2 ||     2
 Cast: Ensorcelled Hiber |       |     2 |    22 ||    24
       Tukima's Dance    |       |       |     5 ||     5
  Use: Scroll            |     4 |     7 |     3 ||    14
       Potion            |       |     2 |     2 ||     4
 Stab: Sleeping          |    17 |    21 |    16 ||    54
       Distracted        |     1 |       |       ||     1
       Invisible         |       |     1 |       ||     1
Armor: Skin              |     1 |     6 |    10 ||    17
Dodge: Dodged            |    16 |    44 |    67 ||   127
Block: Other             |    10 |    19 |    29 ||    58
       Reflection        |     2 |       |       ||     2
